 Dungeon Crawl Stone Soup version 0.19.0-19-g8c6edcc (webtiles) character file.

7322 tognito the Cleaver (level 10, -5/97 HPs)
             Began as a Minotaur Berserker on Nov 13, 2016.
             Was a High Priest of Trog.
             Killed from afar by an electric eel (8 damage)
             ... with a bolt of electricity
             ... on level 10 of the Dungeon.
             The game lasted 00:19:31 (9646 turns).

tognito the Cleaver (Minotaur Berserker)            Turns: 9646, Time: 00:19:32

Health: -5/97      AC: 15    Str: 25    XL:     10   Next: 90%
Magic:  9/9        EV: 11    Int:  4    God:    Trog [*****.]
Gold:   454        SH:  0    Dex: 10    Spells: 0 memorised, 9 levels left

rFire  + . .     SeeInvis .     a - +0 battleaxe
rCold  x . .     Gourm    .     f - +0 chain mail
rNeg   . . .     Faith    +     (shield currently unavailable)
rPois  .         Spirit   .     (helmet restricted)
rElec  .         Reflect  .     t - +2 cloak
rCorr  .         Harm     .     (no gloves)
MR     .....     Rnd*Tele +     A - +0 pair of boots
Stlth  ..........               y - amulet of faith
                                G - ring of teleportation (curse)
                                d - ring of fire

@: no status effects
A: retaliatory headbutt, horns 2
a: Berserk, Trog's Hand, Brothers in Arms, Burn Spellbooks, Renounce Religion


You were on level 10 of the Dungeon.
You worshipped Trog.
Trog was extremely pleased with you.
You were not hungry.

You visited 1 branch of the dungeon, and saw 10 of its levels.

You collected 454 gold pieces.

Inventory:

Hand Weapons
 a - a +0 battleaxe (weapon)
 b - a +0 hand crossbow
 o - a +0 hand axe
Missiles
 j - 25 bolts
 p - 4 silver javelins (quivered)
Armour
 f - a +0 chain mail (worn)
 t - a +2 cloak (worn)
 A - a +0 pair of boots (worn)
Jewellery
 d - a ring of fire (left hand)
 i - a +2 ring of intelligence
 s - an uncursed amulet of guardian spirit
 y - an amulet of faith (around neck)
 E - an uncursed ring of magical power
 G - a cursed ring of teleportation (right hand)
 I - an uncursed ring of protection from magic
Wands
 h - a wand of iceblast (15/15)
 q - a wand of slowing (15/48)
 B - a wand of paralysis (5/24)
 C - a wand of acid (12/15)
 D - a wand of random effects (25/48)
 K - a wand of random effects (14/48)
 L - a wand of iceblast (9/15)
Scrolls
 e - 4 scrolls of blinking
 k - 4 scrolls of teleportation
 n - 3 scrolls of magic mapping
 u - 4 scrolls of recharging
 v - 4 scrolls of enchant armour
 x - 2 scrolls of amnesia {unknown}
 z - 2 scrolls of remove curse
 H - a scroll of brand weapon {unknown}
 J - 3 scrolls of identify
Potions
 g - a potion of berserk rage
 l - a potion of heal wounds
 w - 4 potions of might
Comestibles
 c - 10 bread rations
 m - 6 meat rations
 r - a royal jelly
 F - 6 beef jerkies
 M - 3 chunks of flesh


   Skills:
 * Level 12.0 Fighting
 * Level 12.1 Axes
 + Level 8.6 Armour
 + Level 7.4 Dodging


You had 9 spell levels left.
You didn't know any spells.

Dungeon Overview and Level Annotations

Branches:
Dungeon (10/15)            Temple (0/1) D:4            Lair (0/6) D:10
    Orc: D:9-12

Altars:
Ashenzari
Cheibriados
Elyvilon
Gozag
Makhleb
Nemelex Xobeh
Okawaru
Qazlal
Ru
Uskayaw
Xom
Zin
Beogh


Innate Abilities, Weirdness & Mutations

You reflexively headbutt those who attack you in melee.
You have a pair of horns on your head.


Message History

The electric eel shoots out a bolt of lightning at you!
The bolt of electricity hits you!
* * * LOW HITPOINT WARNING * * *
Found a staircase to the Lair.
You barely miss the electric eel. You headbutt the electric eel.
The electric eel is moderately wounded.
You slash the electric eel!
The electric eel shoots out a bolt of lightning at you!
The bolt of electricity hits you!
* * * LOW HITPOINT WARNING * * *
The electric eel shoots out a bolt of lightning at you!
The bolt of electricity hits you!
* * * LOW HITPOINT WARNING * * *
You slash the electric eel!
You kill the electric eel!
Trog accepts your kill.
You barely miss the electric eel.
The electric eel shoots out a bolt of lightning at you!
The bolt of electricity hits you!
You die...

.≈≈≈≈≈≈≈≈≈....#
≈.≈≈≈≈≈≈≈≈....#
≈≈≈.≈.≈.≈≈≈≈.#
≈≈≈≈....≈≈≈..#
≈≈≈..>.≈.≈≈≈.#
≈≈≈.....≈≈≈..# #.#
≈≈≈≈..;.≈≈≈..# #.#
#.≈≈≈≈≈≈.≈@≈≈≈..# #.#
#..≈≈≈≈≈.≈≈≈≈...# #.#
#..≈≈≈≈≈.≈≈≈≈...# #.#
#....≈≈≈.≈≈≈≈≈..# #.#
#...;≈≈≈.≈≈≈≈≈..# #.#
#%.≈≈(≈≈(;.≈≈.≈.#
#.####....≈≈≈(≈.≈≈...#
#..%......(≈≈...≈....#
#<###...../......


You could see 3 electric eels.

Vanquished Creatures
  A hill giant (D:10)
  Joseph (D:7)
  Psyche (D:8)
  A troll (D:10)
  Grinder (D:3)
  3 hippogriffs (D:9)
  The ghost of feelmyfire the Destroyer, an amateur DECj of Vehumet (D:5)
  The ghost of Melicamp the Destroyer, an amateur TeCj (D:4)
  Grum (D:8)
  An orc warrior (D:6)
  3 ice beasts
  A black bear (D:9)
  An eye of draining (D:9)
  A phantom (D:8)
  A sky beast (D:9)
  4 wolves
  2 necrophages (D:8)
  6 ogres
  4 centaurs
  A big kobold (D:7)
  4 bullfrogs
  2 scorpions
  5 wights (D:8)
  5 howler monkeys
  An electric eel (D:10)
  2 crimson imps
  5 bullfrog zombies
  A quasit (D:7)
  3 bullfrog skeletons
  2 centaur zombies
  A jelly (D:8)
  8 orc priests
  Crazy Yiuf (D:3)
  8 hounds
  Jessica (D:2)
  An iguana (D:6)
  7 orc wizards
  3 worker ants
  A hound skeleton (D:6)
  A hound zombie (D:5)
  Robin (D:4)
  7 adders
  12 gnolls
  A shadow imp (D:8)
  An adder zombie (D:8)
  3 oozes
  2 worms (D:3)
  2 dart slugs (D:2)
  4 leopard geckos
  23 orcs
  9 giant cockroaches
  9 hobgoblins
  7 jackals
  11 kobolds
  7 quokkas
  A ball python (D:3)
  10 bats
  6 frilled lizards
  16 goblins
  A quokka skeleton (D:4)
  10 rats
241 creatures vanquished.

Notes
Turn   | Place    | Note
-------+----------+-------------------------------------------
     0 | D:1      | tognito the Minotaur Berserker began the quest for the Orb.
     0 | D:1      | Reached XP level 1. HP: 19/19 MP: 0/0
   191 | D:1      | Reached XP level 2. HP: 27/27 MP: 1/1
   337 | D:1      | Reached ** piety under Trog
   789 | D:2      | Reached XP level 3. HP: 33/33 MP: 2/2
   812 | D:2      | Found a glowing silver altar of Zin.
   812 | D:2      | Found an iron altar of Okawaru.
  1217 | D:2      | Found a sparkling altar of Nemelex Xobeh.
  1217 | D:2      | Noticed Jessica
  1222 | D:2      | Killed Jessica
  1222 | D:2      | Reached skill level 5 in Axes
  1222 | D:2      | Reached XP level 4. HP: 27/41 MP: 3/3
  1761 | D:3      | Noticed Grinder
  1794 | D:3      | Killed Grinder
  1794 | D:3      | Reached skill level 5 in Fighting
  1794 | D:3      | Reached XP level 5. HP: 16/49 MP: 4/4
  1794 | D:3      | Reached XP level 6. HP: 19/56 MP: 5/5
  2006 | D:3      | Found a faded altar of an unknown god.
  2024 | D:3      | Found a sacrificial altar of Ru.
  2057 | D:3      | Found a runed door.
  2385 | D:3      | Noticed Crazy Yiuf
  2390 | D:3      | Paralysed by Crazy Yiuf for 6 turns
  2397 | D:3      | Killed Crazy Yiuf
  2792 | D:3      | Found a hide-covered altar of Uskayaw.
  3071 | D:3      | Reached *** piety under Trog
  3234 | D:4      | Found a staircase to the Ecumenical Temple.
  3303 | D:4      | Noticed Robin
  3322 | D:4      | Killed Robin
  3454 | D:4      | Noticed Melicamp's ghost (amateur TeCj)
  3474 | D:4      | Killed Melicamp's ghost
  3474 | D:4      | Received a gift from Trog
  3474 | D:4      | Reached XP level 7. HP: 55/64 MP: 6/6
  3487 | D:4      | Found a snail-covered altar of Cheibriados.
  3958 | D:5      | Entered Level 5 of the Dungeon
  3974 | D:5      | Noticed feelmyfire's ghost (amateur DECj)
  3986 | D:5      | Killed feelmyfire's ghost
  4112 | D:5      | Reached skill level 5 in Armour
  4196 | D:5      | Reached XP level 8. HP: 72/73 MP: 7/7
  4291 | D:5      | Found a white marble altar of Elyvilon.
  5685 | D:6      | Reached skill level 5 in Dodging
  6088 | D:6      | Found a burning altar of Makhleb.
  6156 | D:7      | Reached **** piety under Trog
  6173 | D:7      | Reached XP level 9. HP: 73/82 MP: 8/8
  6264 | D:7      | Found a sparkling altar of Nemelex Xobeh.
  6310 | D:7      | Noticed Joseph
  6317 | D:7      | Killed Joseph
  6974 | D:7      | Reached skill level 10 in Axes
  7235 | D:8      | Found a shimmering altar of Xom.
  7322 | D:8      | Reached skill level 10 in Fighting
  7330 | D:8      | Found a stormy altar of Qazlal.
  8108 | D:8      | Noticed Psyche
  8120 | D:8      | Killed Psyche
  8120 | D:8      | Reached XP level 10. HP: 94/94 MP: 9/9
  8134 | D:8      | Noticed Grum
  8136 | D:8      | Killed Grum
  8137 | D:8      | Reached ***** piety under Trog
  8717 | D:9      | Found an opulent altar of Gozag.
  8741 | D:9      | Found a shattered altar of Ashenzari.
  8923 | D:9      | Found a roughly hewn altar of Beogh.
  9489 | D:10     | Entered Level 10 of the Dungeon
  9489 | D:10     | Noticed a hill giant
  9497 | D:10     | Killed a hill giant
  9644 | D:10     | Found a staircase to the Lair.
  9645 | D:10     | HP: 2/97 [electric eel/bolt of electricity (7)]
  9646 | D:10     | Killed from afar by an electric eel

Skill      XL: |  1  2  3  4  5  6  7  8  9 10 |
---------------+-------------------------------+-----
Axes           | 4 5 6 7 9 10 12 | 12.1
Fighting       | 4 5 6 7 8 10 12 | 12.0
Armour         | 3 4 5 6 7 8 |  8.6
Dodging        | 3 4 5 6 7 |  7.4

Action                   |  1- 3 |  4- 6 |  7- 9 | 10-12 || total
-------------------------+-------+-------+-------+-------++-------
Melee: Hand axe          |    65 |   141 |   141 |       ||   347
       Headbutt          |     9 |    20 |    62 |    18 ||   109
       Battleaxe         |       |       |   174 |   111 ||   285
 Fire: Hand crossbow     |       |       |       |    43 ||    43
Throw: Javelin           |       |       |     1 |       ||     1
Invok: Trog's Hand       |       |     1 |     1 |       ||     2
  Use: Potion            |     2 |     2 |     3 |     1 ||     8
       Scroll            |       |       |     9 |       ||     9
  Eat: Chunk             |     1 |     7 |    16 |     5 ||    29
Armor: Ring mail         |    12 |       |       |       ||    12
       Scale mail        |       |    27 |       |       ||    27
       Chain mail        |       |    42 |   205 |    95 ||   342
Dodge: Dodged            |    43 |    80 |   147 |    85 ||   355
